 Dungeon Crawl Stone Soup version 0.21.1-1-g345015f (webtiles) character file.

46315 Exporg the Severer (level 14, -3/127 HPs)
             Began as a Hill Orc Fighter on Mar 25, 2018.
             Was the Champion of the Shining One.
             Slain by an ettin
             ... wielding a +0 dire flail
              (33 damage)
             ... on level 15 of the Dungeon.
             The game lasted 00:26:33 (11708 turns).

Exporg the Severer (Hill Orc Fighter)              Turns: 11708, Time: 00:26:34

Health: -3/127     AC: 22    Str: 28    XL:     14   Next: 37%
Magic:  0/21       EV: 13    Int:  8    God:    the Shining One [******]
Gold:   1123       SH:  0    Dex: 13    Spells: 13/13 levels left

rFire    + + .     SeeInvis .   e - +8 frozen axe "Frostbite" {freezing cloud, *Noise +Fly rC+}
rCold    + . .     Gourm    .   (shield currently unavailable)
rNeg     + + +     Faith    .   S - +0 plate armour
rPois    .         Spirit   +   u - +2 helmet
rElec    .         Reflect  .   L - +1 cloak
rCorr    +         Harm     .   i - +0 pair of gloves
MR       ++...                  (no boots)
Stlth    ..........             M - amulet of Lies {Spirit rF++ MR+ Str+2 Slay+2}
HPRegen  0.31/turn              D - ring of resist corrosion
MPRegen  0.17/turn              C - +4 ring of evasion

@: mighty, glowing
A: no striking features
a: Divine Shield, Cleansing Flame, Summon Divine Warrior, Brand Weapon With Holy
Wrath, Renounce Religion, Evoke Flight


You were on level 15 of the Dungeon.
You worshipped the Shining One.
The Shining One was exalted by your worship.
You were hungry.

You visited 1 branch of the dungeon, and saw 15 of its levels.
You also visited: Bailey.

You collected 1123 gold pieces.

Inventory:

Hand Weapons
 e - the +8 frozen axe "Frostbite" (weapon) {freezing cloud, *Noise +Fly rC+}
   (You found it on level 8 of the Dungeon)

   It has been specially enchanted to freeze those struck by it, causing extra
   injury to most foes and up to half again as much damage against particularly
   susceptible opponents.
   It can also slow down cold-blooded creatures.
   It protects you from cold.
   It lets you fly.
   It may make noises in combat.
 x - a +3 war axe
 H - a +4 flail of protection
 O - a +3 scimitar of flaming
 R - a +3 morningstar
Armour
 c - a +0 shield
 i - a +0 pair of gloves (worn)
 u - a +2 helmet (worn)
 B - a +0 chain mail
 K - a +1 hat
 L - a +1 cloak (worn)
 S - a +0 plate armour (worn)
Jewellery
 C - a +4 ring of evasion (right hand)
 D - a ring of resist corrosion (left hand)
 F - an uncursed amulet of magic regeneration {unknown}
 M - the amulet of Lies (around neck) {Spirit rF++ MR+ Str+2 Slay+2}
   (You found it on level 8 of the Dungeon)

   [amulet of guardian spirit]

   It causes incoming damage to be split between your health and magic.
   It affects your strength (+2).
   It affects your accuracy and damage with ranged weapons and melee attacks
   (+2).
   It greatly protects you from fire.
   It affects your resistance to hostile enchantments.
Wands
 b - a wand of digging (13)
 d - a wand of iceblast (28)
 G - a wand of flame (75)
 T - a wand of paralysis (13)
Scrolls
 g - 4 scrolls of fog
 h - 6 scrolls of teleportation
 j - 3 scrolls of noise
 l - 8 scrolls of amnesia
 m - 4 scrolls of enchant weapon
 p - a scroll of random uselessness
 s - a scroll of acquirement {unknown}
 y - a scroll of vulnerability {unknown}
 A - 3 scrolls of remove curse
 I - 2 scrolls of identify
 Q - a scroll of immolation {unknown}
Potions
 a - 9 potions of curing
 k - a potion of ambrosia {unknown}
 n - a potion of brilliance
 o - 3 potions of agility
 q - 6 potions of heal wounds
 r - 2 potions of lignification
 t - 5 potions of mutation
 v - a potion of resistance
 w - 3 potions of degeneration
 E - 2 potions of berserk rage {unknown}
 P - 5 potions of magic {unknown}
Comestibles
 f - 24 rations


   Skills:
 + Level 12.5 Fighting
 + Level 20.3(20.4) Axes
 + Level 2.4(12.1) Maces & Flails
 * Level 11.2 Armour
 + Level 2.6 Dodging
 + Level 1.0 Stealth
 + Level 8.1 Shields
 * Level 9.6 Invocations


You had 13 spell levels left.
You didn't know any spells.

Dungeon Overview and Level Annotations

Branches:
Dungeon (15/15)            Temple (0/1) D:4            Lair (0/6) D:9
    Orc (0/2) D:10         Vaults (0/5) D:14
 Depths: D:15

Altars:
Dithmenos
Fedhas
Gozag
Hepliaklqana
Kikubaaqudgha
Makhleb
Okawaru
Ru
Sif Muna
Uskayaw
Wu Jian
Xom
The Shining One

Shops:
D:6 *   D:8 :   D:11 }*([


Message History

You feel very mighty all of a sudden.
A centaur comes into view.
You hit the ettin. You freeze the ettin.
The ettin is heavily wounded.
You slice the bullfrog!! You freeze the bullfrog.
You kill the bullfrog!
The ettin hits you with a dire flail!!
* * * LOW HITPOINT WARNING * * *
The ettin closely misses you.
The centaur wields a shortbow.
The centaur shoots an arrow.
The arrow barely misses you.
The arrow hits the ettin but does no damage.
A deep elf archer comes into view. It is wielding a short sword.
You feel much better. The ettin misses you. x2
The deep elf archer moves out of view.
You slice the ettin!! You freeze the ettin!
The ettin is almost dead.
The centaur shoots an arrow.
The arrow hits you.
* * * LOW HITPOINT WARNING * * *
The ettin hits you but does no damage. The ettin hits you with a great mace!!
You die...

.. # .. .#. ## #
#.. ..#. #.###
..# #.#.####.
#)####...c....
#QC@....# ##
#....$####..# ..
#...#.# #..# .#
###.### ##..# .#
# #...##.#####.
#.#...........
..##.##..#..###
..........###.#
####.##.##..#†.#


You could see an ettin, a tengu warrior and a centaur.

Vanquished Creatures
  Gastronok (D:8)
  Josephine (D:11)
  An ogre mage (D:14)
  A centaur warrior (D:13)
  2 hydras
  10 two-headed ogres
  Erica (D:8)
  A tengu warrior (D:15)
  Sonja (D:14)
  A deep elf knight (D:15)
  A death drake (shapeshifter) (D:14)
  2 unseen horrors
  A deep troll (D:15)
  An orc knight (Bailey)
  A phantasmal warrior (D:14)
  9 ugly things (D:14)
  A wolf spider zombie (D:15)
  The ghost of Kairos the Cudgeler, a novice HuSk of Uskayaw (D:5)
  3 manticores
  2 cyclopes
  Psyche (D:8)
  A komodo dragon (D:13)
  2 kobold demonologists
  2 tengu conjurers
  7 trolls
  3 hornets
  5 hippogriffs
  5 wraiths
  18 yaks
  2 wyverns
  2 steam dragons
  3 hungry ghosts
  Edmund (D:6)
  8 vampire mosquitoes
  2 soldier ants
  An acid dragon (D:11)
  A porcupine (D:9)
  Duvessa (D:6)
  3 black bears
  2 eyes of draining
  7 ice beasts
  8 orc warriors
  5 sky beasts
  6 ogres
  3 phantoms
  23 centaurs
  18 big kobolds (D:9)
  13 bullfrogs
  4 wyvern zombies
  Dowan (D:6)
  A wyvern skeleton (D:10)
  5 scorpions
  7 killer bees
  17 wights
  The ghost of Kairos the Poker, a weakling MfSk (D:3)
  3 electric eels
  3 howler monkeys
  4 crimson imps
  A bullfrog zombie (D:7)
  A quasit (D:10)
  2 centaur zombies
  8 hounds
  A jelly (D:5)
  A gnoll shaman (D:8)
  9 orc priests
  6 centaur skeletons
  19 orc wizards
  5 iguanas
  13 worker ants
  A hound skeleton (D:7)
  A worker ant zombie (D:8)
  Robin (D:3)
  16 gnolls
  2 howler monkey skeletons
  12 adders
  A shadow imp (D:7)
  3 oozes
  3 adder skeletons
  A worm (D:2)
  A dart slug (D:2)
  4 leopard geckos
  78 orcs
  12 bats
  6 giant cockroaches
  14 goblins
  15 hobgoblins
  9 jackals
  7 quokkas
  A ball python (D:4)
  7 frilled lizards
  31 kobolds
  8 rats
  A fungus (D:9)
542 creatures vanquished.

Vanquished Creatures (others)
  A crimson imp (D:13)
  A fungus (D:9)
2 creatures vanquished.

Grand Total: 544 creatures vanquished

Notes
Turn   | Place    | Note
-------+----------+-------------------------------------------
     0 | D:1      | Exporg the Hill Orc Fighter began the quest for the Orb.
     0 | D:1      | Reached XP level 1. HP: 19/19 MP: 1/1
    78 | D:1      | Reached XP level 2. HP: 27/27 MP: 2/2
   195 | D:1      | Reached skill level 3 in Axes
   507 | D:2      | Reached XP level 3. HP: 33/33 MP: 3/3
   542 | D:2      | Found a hazy altar of Hepliaklqana.
   691 | D:2      | Reached XP level 4. HP: 30/40 MP: 4/4
   956 | D:2      | Reached skill level 4 in Axes
  1214 | D:3      | Found a glowing golden altar of the Shining One.
  1217 | D:3      | Became a worshipper of the Shining One
  1427 | D:3      | Reached XP level 5. HP: 47/47 MP: 5/5
  1482 | D:3      | Noticed Robin
  1504 | D:3      | Killed Robin
  1553 | D:3      | Noticed Kairos's ghost (weakling MfSk)
  1559 | D:3      | Killed Kairos's ghost
  1559 | D:3      | Reached skill level 5 in Axes
  2136 | D:4      | Found a sacrificial altar of Ru.
  2166 | D:4      | Reached XP level 6. HP: 47/53 MP: 6/6
  2302 | D:4      | Found a staircase to the Ecumenical Temple.
  2483 | D:4      | Found an ornate altar of the Wu Jian Council.
  2744 | D:5      | Entered Level 5 of the Dungeon
  2748 | D:5      | Noticed Kairos's ghost (novice HuSk)
  2751 | D:5      | Reached skill level 5 in Fighting
  2751 | D:5      | Reached skill level 6 in Axes
  2864 | D:5      | Noticed an ice beast
  2870 | D:5      | Killed Kairos's ghost
  2870 | D:5      | Reached * piety under the Shining One
  2870 | D:5      | Reached skill level 7 in Axes
  2870 | D:5      | Reached skill level 1 in Dodging
  2870 | D:5      | Reached skill level 5 in Shields
  2870 | D:5      | Reached XP level 7. HP: 55/61 MP: 7/7
  2875 | D:5      | Reached skill level 8 in Axes
  2875 | D:5      | Reached skill level 5 in Armour
  2875 | D:5      | Reached XP level 8. HP: 22/68 MP: 8/8
  3132 | D:5      | Found an ancient bone altar of Kikubaaqudgha.
  3392 | D:5      | Reached skill level 9 in Axes
  3607 | D:6      | Noticed Duvessa
  3608 | D:6      | Noticed Dowan
  3619 | D:6      | Killed Duvessa
  3620 | D:6      | Killed Dowan
  3671 | D:6      | Reached XP level 9. HP: 75/75 MP: 9/9
  3698 | D:6      | Noticed Edmund
  3721 | D:6      | Killed Edmund
  3721 | D:6      | Reached skill level 10 in Axes
  4025 | D:6      | Found an opulent altar of Gozag.
  4028 | D:6      | Found Gozag's Platinum Reserve.
  4094 | D:6      | Noticed a hornet
  4105 | D:6      | Killed a hornet
  4325 | D:6      | Reached skill level 11 in Axes
  4548 | D:6      | Reached ** piety under the Shining One
  4967 | D:7      | Found a shimmering altar of Xom.
  4979 | D:7      | Reached skill level 12 in Axes
  4979 | D:7      | Reached XP level 10. HP: 86/86 MP: 10/10
  5020 | D:7      | Found a burning altar of Makhleb.
  5020 | D:7      | Noticed a blizzard demon
  5027 | D:7      | Noticed a smoke demon
  5369 | D:8      | Noticed Psyche
  5378 | D:8      | Killed Psyche
  5437 | D:8      | Found Qanefiotra's Book Shoppe.
  5451 | D:8      | Found the +8 frozen axe "Frostbite" {freezing cloud, *Noise +Fly rC+}
  5487 | D:8      | Found a blossoming altar of Fedhas.
  5487 | D:8      | Noticed Gastronok
  5494 | D:8      | Killed Gastronok
  5494 | D:8      | Reached skill level 13 in Axes
  5553 | D:8      | Reached *** piety under the Shining One
  5675 | D:8      | Noticed Erica
  5693 | D:8      | Killed Erica
  5693 | D:8      | Reached skill level 14 in Axes
  5693 | D:8      | Reached skill level 1 in Stealth
  5693 | D:8      | Reached XP level 11. HP: 77/95 MP: 11/11
  5931 | D:8      | Noticed a two-headed ogre
  5934 | D:8      | Killed a two-headed ogre
  5934 | D:8      | Reached skill level 15 in Axes
  6022 | D:8      | Got a twitching ruby amulet
  6023 | D:8      | Identified the amulet of Lies {Spirit rF++ MR+ Str+2 Slay+2} (You found it on level 8 of the Dungeon)
  6224 | D:9      | Found a deep blue altar of Sif Muna.
  6350 | D:9      | Found a shadowy altar of Dithmenos.
  6400 | D:9      | Found a staircase to the Lair.
  6405 | D:9      | Reached **** piety under the Shining One
  6436 | D:9      | Reached skill level 16 in Axes
  6458 | D:9      | Found a hide-covered altar of Uskayaw.
  6671 | D:9      | Found an iron altar of Okawaru.
  6798 | D:10     | Entered Level 10 of the Dungeon
  6975 | D:10     | Found a staircase to the Orcish Mines.
  7168 | D:11     | Noticed Josephine
  7175 | D:11     | Reached skill level 10 in Fighting
  7175 | D:11     | Reached skill level 1 in Invocations
  7176 | D:11     | Killed Josephine
  7176 | D:11     | Reached XP level 12. HP: 103/106 MP: 11/13
  7176 | D:11     | Reached skill level 17 in Axes
  7219 | D:11     | Reached ***** piety under the Shining One
  7225 | D:11     | Found Plog's Armour Shoppe.
  7420 | D:11     | Found Jyalec's Gadget Shoppe.
  7632 | D:11     | Found Utsi's Assorted Antiques.
  7639 | D:11     | Found Zieclye's Antique Weapon Emporium.
  7886 | D:12     | Found a flagged portal.
  7905 | Bailey   | Entered a bailey
  8686 | D:12     | Noticed a two-headed ogre
  8691 | D:12     | Killed a two-headed ogre
  8691 | D:12     | Reached skill level 18 in Axes
  8713 | D:12     | Reached skill level 5 in Invocations
  8811 | D:12     | Noticed a two-headed ogre
  8815 | D:12     | Killed a two-headed ogre
  9095 | D:13     | Noticed a two-headed ogre
  9103 | D:13     | Killed a two-headed ogre
  9103 | D:13     | Reached XP level 13. HP: 82/116 MP: 12/17
  9457 | D:13     | Reached skill level 19 in Axes
 10061 | D:13     | Reached skill level 1 in Maces & Flails
 10467 | D:14     | Reached ****** piety under the Shining One
 10470 | D:14     | Reached skill level 10 in Armour
 10495 | D:14     | Noticed an ogre mage
 10503 | D:14     | Killed an ogre mage
 10836 | D:14     | Found a gate to the Vaults.
 10919 | D:14     | Reached XP level 14. HP: 126/126 MP: 20/20
 10923 | D:14     | Reached skill level 20 in Axes
 11358 | D:14     | Noticed Sonja
 11363 | D:14     | Killed Sonja
 11649 | D:15     | Entered Level 15 of the Dungeon
 11708 | D:15     | Slain by an ettin

Skill      XL: |  1  2  3  4  5  6  7  8  9 10 11 12 13 14 |
---------------+-------------------------------------------+-----
Axes           | 3 4 5 7 8 9 12 14 16 18 19 20 | 20.3
Fighting       | 4 5 6 7 8 10 11 12 | 12.5
Shields        | 4 5 6 7 8 |  8.1
Armour         | 4 5 6 7 8 9 10 11 | 11.2
Dodging        | 1 2 |  2.6
Stealth        | 1 |  1.0
Invocations    | 1 5 8 9 |  9.6
Maces & Flails | 1 2 |  2.4

Action                   |  1- 3 |  4- 6 |  7- 9 | 10-12 | 13-15 || total
-------------------------+-------+-------+-------+-------+-------++-------
Melee: War axe           |   111 |   169 |   244 |    41 |       ||   565
       Executioner's axe |       |       |       |   325 |   199 ||   524
       Morningstar       |       |       |       |       |    24 ||    24
  Use: Potion            |       |     1 |       |       |     3 ||     4
       Scroll            |       |       |       |    19 |       ||    19
  Eat: Chunk             |       |     2 |     5 |    15 |     5 ||    27
       Ration            |       |     1 |     1 |       |     1 ||     3
Armor: Scale mail        |    70 |    73 |     4 |       |       ||   147
       Chain mail        |       |       |    77 |    62 |       ||   139
       Plate armour      |       |       |       |   158 |   180 ||   338
Dodge: Dodged            |    53 |    66 |    52 |   280 |   148 ||   599
Block: Shield            |    60 |   107 |   105 |    16 |     6 ||   294
